 Dungeon Crawl Stone Soup version 0.25-a0-713-g4845790874 (webtiles) character file.

Game seed: 3602127943465982314, levelgen mode: deterministic

32273 Rotter5 the Frost Mage (level 13, -24/107 HPs)
             Began as a Grey Draconian Ice Elementalist on Apr 5, 2020.
             Was an Elder of Sif Muna.
             Annihilated by a titan simulacrum (34 damage)
             ... on level 3 of the Abyss.
             The game lasted 00:58:31 (18844 turns).

Rotter5 the Frost Mage (DrIE)                      Turns: 18844, Time: 00:58:32

Health: -24/107    AC: 22    Str: 19    XL:     13   Next: 30%
Magic:  17/23      EV: 15    Int: 18    God:    Sif Muna [****..]
Gold:   906        SH:  9    Dex: 17    Spells: 8/26 levels left

rFire    . . .     SeeInvis .   y - +11 spear of Change {vorpal, +Blink MR+ Str+4 Dex+4}
rCold    . . .     Gourm    .   J - +3 buckler {reflect}
rNeg     . . .     Faith    .   (armour unavailable)
rPois    +         Spirit   .   (helmet restricted)
rElec    .         Reflect  +   d - +2 cloak {+Inv}
rCorr    .         Harm     .   x - +2 pair of gloves {Str+3}
MR       +....                  N - +2 pair of boots
Stlth    ++++......             (no amulet)
HPRegen  0.27/turn              G - ring of poison resistance
MPRegen  0.18/turn              R - ring of wizardry

@: slightly contaminated, slowed, very slow
A: walk through water, unfitting armour, unbreathing, cold-blooded, AC +13
a: Channel Magic, Forget Spell, Divine Exegesis, Renounce Religion, Evoke Blink,
Evoke Invisibility


You were on level 3 of the Abyss.
You worshipped Sif Muna.
Sif Muna was greatly pleased with you.
You were not hungry.

You visited 2 branches of the dungeon, and saw 15 of its levels.
You visited the Abyss 1 time.

You collected 906 gold pieces.

Inventory:

Hand Weapons
 s - a +0 hunting sling
 t - a +1 whip of venom
 y - the +11 spear of Change (weapon) {vorpal, +Blink MR+ Str+4 Dex+4}
   (You found it on level 4 of the Dungeon)

   It inflicts extra damage upon your enemies.
   It affects your strength (+4).
   It affects your dexterity (+4).
   It affects your resistance to hostile enchantments.
   It lets you blink.
 P - the +3 mace of Division {drain, +Inv rC+ MR- SInv}
   (You found it on level 8 of the Dungeon)

   A truly terrible weapon, it drains the life of those it strikes.
   It protects you from cold.
   It affects your resistance to hostile enchantments.
   It lets you see invisible.
   It lets you turn invisible.
 T - a +2 dagger of electrocution
 Y - a +0 short sword of flaming
Missiles
 a - 372 stones
 e - 479 arrows
 h - 35 sling bullets
 u - 97 poisoned darts (quivered)
 B - 2 throwing nets
 S - 5 silver boomerangs
Armour
 d - a +2 cloak of invisibility (worn)
 x - a +2 pair of gloves of strength (worn)
 J - a +3 buckler of reflection (worn)
 N - a +2 pair of boots (worn)
 W - a cursed +0 pair of boots
Magical Staves
 k - an uncursed staff of earth {unknown}
 L - an uncursed staff of air
Jewellery
 i - an uncursed amulet of guardian spirit {unknown}
 j - an uncursed ring of protection from cold
 G - a ring of poison resistance (left hand)
 H - an uncursed ring of positive energy
 R - a ring of wizardry (right hand)
 U - an uncursed ring of wizardry
 X - an uncursed amulet of faith {unknown}
Wands
 p - a wand of digging (1)
 A - a wand of acid (7)
 O - a wand of scattershot (4)
Scrolls
 f - 7 scrolls of remove curse
 m - 2 scrolls of fear {unknown}
 n - a scroll of magic mapping {unknown}
 o - 4 scrolls of amnesia
 r - 5 scrolls of teleportation
 D - a scroll of acquirement {unknown}
 K - 2 scrolls of blinking {unknown}
 Q - a scroll of silence {unknown}
 V - 5 scrolls of identify
Potions
 c - 5 potions of curing
 g - 3 potions of flight
 l - 7 potions of brilliance
 q - 2 potions of mutation {unknown}
 v - 2 potions of stabbing {unknown}
 w - 3 potions of magic
 z - 3 potions of ambrosia
 C - a potion of resistance {unknown}
 F - a potion of cancellation {unknown}
 I - a potion of lignification {unknown}
 M - a potion of berserk rage {unknown}
Comestibles
 b - 33 rations


   Skills:
 + Level 8.0 Fighting
 - Level 2.1 Maces & Flails
 - Level 4.5 Polearms
 - Level 2.0 Throwing
 + Level 4.6 Dodging
 + Level 7.7 Stealth
 - Level 5.0 Shields
 + Level 7.0 Spellcasting
 + Level 7.2 Conjurations
 + Level 7.2 Hexes
 + Level 8.0 Summonings
 - Level 8.2 Ice Magic
 - Level 5.0 Invocations
 - Level 5.9 Evocations


You had 8 spell levels left.
You knew the following spells:

 Your Spells              Type           Power        Failure   Level  Hunger
a - Freeze                Ice            ####         1%          1    None
b - Frozen Ramparts       Ice            #####.       1%          3    ##.....
c - Summon Ice Beast      Ice/Summ       #####...     1%          4    ####...
d - Hailstorm             Conj/Ice       ####....     1%          4    ####...
e - Corona                Hex            ####...      1%          1    None
f - Metabolic Englaciati  Hex/Ice        ####......   4%          5    #####..

Your spell library contained the following spells:

 Spells                   Type           Power        Failure   Level  Hunger
 Summon Small Mammal      Summ           ####         1%          1    None
 Confusing Touch          Hex            ####....     1%          3    ##.....
 Ozocubu's Armour         Chrm/Ice       ###.....     2%          3    ##.....
 Animate Skeleton         Necr           N/A          4%          1    None
 Apportation              Tloc           #.....       4%          1    None
 Gell's Gravitas          Tloc           #.........   13%         3    ##.....
 Yara's Violent Unravell  Hex/Tmut       ###.......   26%         5    #####..
 Petrify                  Tmut/Erth      #.......     38%         4    ####...


Dungeon Overview and Level Annotations

Branches:
Dungeon (14/15)            Temple (1/1) D:6            Lair (0/6) D:8
    Orc (0/2) D:9          Vaults (0/5) D:13

Altars:
Ashenzari
Cheibriados
Dithmenos
Elyvilon
Gozag
Kikubaaqudgha
Okawaru
Qazlal
Sif Muna
Trog
Uskayaw
Vehumet
Wu Jian
Yredelemnul
The Shining One

Shops:
D:9 %   D:13 !

Annotations:
D:4 2 transporters
D:11 3 runed translucent doors, bmj180's ghost, novice DrCj
D:14 Azrael


Innate Abilities, Weirdness & Mutations

You can walk through water.
Your dull iron-grey scales are very hard. (AC +13)
You cannot fit into any form of body armour.
You can survive without breathing.
You are cold-blooded and may be slowed by cold attacks.


Message History

You cannot sustain more frozen ramparts right now.
Unknown command.
Casting: Frozen Ramparts (safe; 1% risk of failure)
Confirm with . or Enter, or press ? or * to list all spells.
You cannot sustain more frozen ramparts right now.
Unknown command.
Attack whom?
Press: ? - help, Dir - move target cursor, f - titan simulacrum
Aim: a titan simulacrum You reach to attack!
You puncture the titan simulacrum!
The titan simulacrum is lightly damaged.
The frozen ramparts melt away.
Casting: Frozen Ramparts (safe; 1% risk of failure)
Confirm with . or Enter, or press ? or * to list all spells.
You radiate an aura of cold.
The titan simulacrum is unaffected.
The kobold skeleton is unaffected.
The large abomination resists.
The titan simulacrum hits you!
* * * LOW HITPOINT WARNING * * *
The titan simulacrum freezes you!!
You feel yourself slow down.
You die...

#.#..#....#.##
#....#..#. ## ##..
.#.#.#
#.#..##..#.####
#..... .##....##
... # ..###.[.#
.#.....#.##Z##....#
#.. #...####Z##
..#. # #.##. #.@# .
## # ####


You could see a titan simulacrum and a kobold skeleton.

Vanquished Creatures
  An ironheart preserver (D:13)
  A yaktaur captain (D:14)
  A hydra (D:14)
  4 centaur warriors
  A rakshasa (Abyss:3)
  3 two-headed ogres
  2 unseen horrors (D:10)
  A deep elf mage (D:14)
  2 ugly things
  3 cyclopes
  A manticore (D:11)
  3 centaur zombies
  A worldbinder (Abyss:3)
  Maurice (D:10)
  Psyche (D:11)
  A gargoyle (D:11)
  2 efreet (D:14)
  2 komodo dragons (D:8)
  2 hornets
  A tengu conjurer (D:13)
  An ancient zyme (Abyss:3)
  A meliai (shapeshifter) (Abyss:3)
  6 slime creatures (D:12)
  2 hippogriffs
  23 yaks
  A shadow (D:14)
  4 wraiths
  2 fire elementals (D:14)
  2 wyverns
  A human (D:12)
  A basilisk (D:8)
  Grum (D:11)
  4 hogs (D:12)
  A steam dragon (D:8)
  2 hungry ghosts
  Edmund (D:6)
  3 hell hounds (D:14)
  A swamp drake (D:9)
  A water moccasin (D:7)
  5 orc warriors
  Duvessa (D:4)
  A phantom (D:14)
  3 sky beasts
  A hornet zombie (D:8)
  6 ice beasts
  3 ogres
  4 wolves (D:11)
  11 centaurs
  2 crocodiles
  A big kobold (D:13)
  9 bullfrogs
  A water moccasin zombie (D:5)
  4 scorpions
  A wyvern skeleton (D:10)
  Dowan (D:4)
  5 killer bees (D:9)
  2 howler monkeys
  7 wights
  2 jellies
  5 crimson imps
  A starcursed mass (Abyss:3)
  Crazy Yiuf (D:4)
  9 hounds
  2 bullfrog skeletons
  A gnoll shaman (D:8)
  5 orc priests
  3 centaur skeletons
  12 orc wizards
  10 iguanas
  Ijyb (D:2)
  13 worker ants
  A hound skeleton (D:7)
  A worker ant zombie (D:8)
  10 adders
  11 gnolls
  2 shadow imps
  An adder skeleton (D:9)
  3 adder zombies
  2 worms
  7 leopard geckos
  37 orcs
  2 ball pythons
  5 giant cockroaches
  8 goblins
  10 hobgoblins
  31 jackals
  15 kobolds
  6 quokkas
  2 bats (D:1)
  8 frilled lizards
  A jackal skeleton (D:5)
  12 rats
400 creatures vanquished.

Vanquished Creatures (collateral kills)
  Josephine (D:10)
  A hydra (D:11)
  A two-headed ogre (D:9)
  A manticore (D:11)
  2 cyclopes
  A wraith (D:13)
  2 yaks (D:12)
  A bullfrog (D:13)
  A howler monkey (D:12)
  A worker ant (D:11)
12 creatures vanquished.

Vanquished Creatures (others)
  2 centaurs
  An orc (D:9)
  4 starspawn tentacles (Abyss:3)
7 creatures vanquished.

Grand Total: 419 creatures vanquished

Notes
Turn   | Place    | Note
-------+----------+-------------------------------------------
     0 | D:1      | Rotter5 the Draconian Ice Elementalist began the quest for
                  | the Orb.
     0 | D:1      | Reached XP level 1. HP: 14/14 MP: 3/3
   569 | D:1      | Reached XP level 2. HP: 18/20 MP: 0/5
   927 | D:1      | Reached XP level 3. HP: 22/27 MP: 0/6
   932 | D:1      | Learned a level 3 spell: Frozen Ramparts
  1671 | D:2      | Reached skill level 1 in Fighting
  1696 | D:2      | Found a faded altar of an unknown god.
  2228 | D:2      | Reached XP level 4. HP: 35/35 MP: 7/7
  2311 | D:3      | Noticed Ijyb
  2427 | D:2      | Killed Ijyb
  2807 | D:3      | Found an ornate altar of the Wu Jian Council.
  2814 | D:3      | Reached XP level 5. HP: 33/41 MP: 3/9
  3132 | D:3      | Found a glowing golden altar of the Shining One.
  3352 | D:3      | Learned a level 4 spell: Summon Ice Beast
  3398 | D:4      | Noticed an ogre
  3411 | D:4      | Killed an ogre
  3641 | D:4      | Reached skill level 1 in Summonings
  3641 | D:4      | Reached skill level 5 in Ice Magic
  3641 | D:4      | Reached XP level 6. HP: 50/50 MP: 6/10
  3653 | D:4      | Found a shattered altar of Ashenzari.
  3653 | D:4      | Found a basalt altar of Yredelemnul.
  3655 | D:4      | Noticed a two-headed ogre
  3658 | D:4      | Found a transporter.
  3672 | D:4      | Found a transporter.
  3897 | D:4      | Noticed Duvessa
  3902 | D:4      | Noticed Dowan
  4149 | D:4      | Killed Dowan
  4149 | D:4      | Your scales start taking on a dull iron-grey colour.
  4149 | D:4      | Reached XP level 7. HP: 48/57 MP: 7/12
  4149 | D:4      | Gained mutation: You can survive without breathing. [Grey
                  | Draconian growth]
  4159 | D:4      | Killed Duvessa
  4345 | D:4      | Found a bloodstained altar of Trog.
  4346 | D:4      | Noticed a moth of wrath
  4393 | D:4      | Got an encrusted spear
  4394 | D:4      | Identified the +11 spear of Change {vorpal, +Blink MR+
                  | Str+4 Dex+4} (You found it on level 4 of the Dungeon)
  4461 | D:4      | Found a runed translucent door.
  4462 | D:4      | Noticed Crazy Yiuf
  4773 | D:4      | Killed Crazy Yiuf
  4835 | D:5      | Entered Level 5 of the Dungeon
  4910 | D:4      | Learned a level 4 spell: Hailstorm
  5078 | D:5      | Reached skill level 1 in Polearms
  5099 | D:5      | Reached skill level 1 in Evocations
  5188 | D:5      | Found an opulent altar of Gozag.
  5311 | D:5      | Reached XP level 8. HP: 58/66 MP: 11/13
  6289 | D:6      | Noticed Edmund
  6310 | D:6      | Killed Edmund
  6310 | D:6      | Reached skill level 1 in Conjurations
  6320 | D:6      | Found a staircase to the Ecumenical Temple.
  6332 | Temple   | Entered the Ecumenical Temple
  6344 | Temple   | Became a worshipper of Sif Muna the Loreminder
  6475 | D:6      | Learned a level 1 spell: Corona
  6972 | D:7      | Found a white marble altar of Elyvilon.
  7104 | D:7      | Reached XP level 9. HP: 53/72 MP: 11/15
  7105 | D:7      | Reached skill level 1 in Hexes
  7235 | D:7      | Reached skill level 1 in Shields
  7535 | D:7      | Found a stormy altar of Qazlal.
  8079 | D:8      | Found a hide-covered altar of Uskayaw.
  8274 | D:8      | Got a jewelled mace
  8401 | D:8      | Noticed a komodo dragon
  8429 | D:8      | Noticed a komodo dragon
  8433 | D:8      | Reached * piety under Sif Muna
  8435 | D:8      | Killed a komodo dragon
  8450 | D:8      | Killed a komodo dragon
  8667 | D:8      | Found a staircase to the Lair.
  9082 | D:8      | Identified the cursed +3 mace of Division {drain, +Inv rC+
                  | MR- SInv} (You found it on level 8 of the Dungeon)
  9167 | D:9      | Noticed a two-headed ogre
  9272 | D:9      | Reached XP level 10. HP: 80/80 MP: 13/16
  9285 | D:9      | Reached skill level 1 in Invocations
  9424 | D:9      | Found Qepaemon's Food Shoppe.
  9525 | D:9      | Reached skill level 5 in Evocations
  9662 | D:9      | Reached ** piety under Sif Muna
  9912 | D:9      | Found a staircase to the Orcish Mines.
 10115 | D:9      | Killed a two-headed ogre
 10115 | D:9      | Reached skill level 5 in Summonings
 10158 | D:9      | Reached skill level 5 in Shields
 10360 | D:10     | Entered Level 10 of the Dungeon
 10367 | D:10     | Noticed an unseen horror
 10386 | D:10     | Killed an unseen horror
 10453 | D:10     | Noticed an unseen horror
 10493 | D:10     | Killed an unseen horror
 10493 | D:10     | Reached skill level 1 in Maces & Flails
 10493 | D:10     | Reached XP level 11. HP: 80/85 MP: 14/17
 10621 | D:10     | Reached skill level 1 in Throwing
 10669 | D:10     | Noticed Josephine
 11023 | D:10     | Noticed Maurice
 11229 | D:10     | Reached skill level 5 in Stealth
 11323 | D:10     | Killed Maurice
 11358 | D:10     | Reached skill level 5 in Fighting
 11362 | D:10     | Killed Josephine
 11362 | D:10     | Reached skill level 5 in Hexes
 11428 | D:10     | Noticed a two-headed ogre
 11465 | D:10     | Killed a two-headed ogre
 11756 | D:11     | Noticed Psyche
 11812 | D:11     | Killed Psyche
 11879 | D:11     | Noticed Grum
 11895 | D:11     | Killed Grum
 12238 | D:11     | Found a flagged portal.
 12396 | D:11     | Reached skill level 5 in Spellcasting
 12437 | D:11     | Got a jewelled dagger
 12438 | D:11     | Identified the cursed +0 dagger "Julah" {speed, rPois rF+
                  | Str+3 Int-3} (You found it on level 11 of the Dungeon)
 12554 | D:11     | Noticed a brown ugly thing
 12754 | D:11     | Noticed a five-headed hydra
 12769 | D:11     | Killed a five-headed hydra
 12853 | D:11     | Noticed a two-headed ogre
 12871 | D:11     | Killed a two-headed ogre
 12871 | D:11     | Reached skill level 5 in Conjurations
 12871 | D:11     | Reached skill level 5 in Invocations
 13071 | D:11     | Reached *** piety under Sif Muna
 13242 | D:11     | Found a runed translucent gate.
 13242 | D:11     | Found a runed translucent gate.
 13243 | D:11     | Found a runed translucent gate.
 13244 | D:11     | Noticed bmj180's ghost (novice DrCj)
 13623 | D:12     | Reached XP level 12. HP: 85/96 MP: 5/20
 14301 | D:12     | Reached **** piety under Sif Muna
 14611 | D:12     | Learned a level 5 spell: Metabolic Englaciation
 14689 | D:13     | Found Rannob's Distillery.
 15168 | D:13     | Noticed a centaur warrior
 15183 | D:13     | Killed a centaur warrior
 15375 | D:13     | Noticed a death knight
 15668 | D:13     | Found a gate to the Vaults.
 15668 | D:13     | Noticed an ironheart preserver
 15740 | D:13     | Killed an ironheart preserver
 16028 | D:13     | Noticed a two-headed ogre
 16044 | D:13     | Killed a two-headed ogre
 16905 | D:14     | Noticed a centaur warrior
 16925 | D:14     | Killed a centaur warrior
 17037 | D:14     | Noticed a four-headed hydra
 17044 | D:14     | Killed a four-headed hydra
 17044 | D:14     | Reached XP level 13. HP: 99/105 MP: 7/23
 17196 | D:14     | Noticed Azrael
 18332 | D:14     | Cast into level 3 of the Abyss (a wizard)
 18571 | Abyss:3  | Noticed a merfolk javelineer
 18571 | Abyss:3  | Noticed a starcursed mass
 18572 | Abyss:3  | Noticed a tentacled starspawn
 18579 | Abyss:3  | Noticed a starcursed mass
 18617 | Abyss:3  | Noticed an entropy weaver
 18627 | Abyss:3  | Noticed a tentacled starspawn
 18747 | Abyss:3  | Noticed a starcursed mass
 18844 | Abyss:3  | Annihilated by a titan simulacrum

Levels and vault maps discovered:
D:1:      psy_arrival_radial01, layout_basic
D:2:      layout_loops_ring, chequers_ecumenical_altar_simple
D:3:      layout_basic, nicolae_tso_swordbearing_angel,
          nicolae_overflow_crystal_walls, uniq_ijyb
D:4:      layout_rooms, tgw_trog, gammafunk_temple_overflow_arena, first_ration,
          uniq_duvessa, uniq_crazy_yiuf_cottage
D:5:      layout_basic, lemuel_doored_altar
D:6:      layout_basic, minmay_temple_entry_statues_pillars, uniq_edmund
D:7:      layout_basic, elyvilon_altar_5, nicolae_qazlal_eye_of_the_storm
D:8:      layout_basic, old_standard_altar, erik_lair_dragon
D:9:      layout_roguey, erik_orc_1, serial_shops, shop
D:10:     layout_basic, uniq_josephine, uniq_maurice
D:11:     layout_roguey, enter_bailey_8, gammafunk_ghost_necromancy,
          uniq_psyche, uniq_grum
D:12:     layout_loops_cross, minmay_crystal_water, grunt_livestock
D:13:     layout_loops_ring, skrybe_vaults_entry_preservation, serial_shops,
          shop
D:14:     layout_basic, grunt_ministairs_4, kennysheep_just_a_vault, uniq_azrael
Temple:   dshaligram_water_room_temple
Abyss:3:  base: D:6, evilmike_abyss_exit_11, due_exit_kobolds, due_exit_kobolds,
          nicolae_abyss_rune_left_handed, nicolae_abyss_rune_left_handed,
          nicolae_abyss_rune_left_handed

Skill      XL: |  1  2  3  4  5  6  7  8  9 10 11 12 13 |
---------------+----------------------------------------+-----
Dodging        | 2 3 4 |  4.6
Stealth        | 2 3 4 6 7 |  7.7
Fighting       | 1 2 3 4 6 7 8 |  8.0
Spellcasting   | 3 4 5 6 7 |  7.0
Summonings     | 1 2 3 5 6 7 8 |  8.0
Ice Magic      | 5 6 8 |  8.2
Polearms       | 1 2 4 |  4.5
Evocations     | 1 2 4 5 |  5.9
Conjurations   | 2 4 5 6 7 |  7.2
Hexes          | 3 4 5 6 7 |  7.2
Shields        | 3 5 |  5.0
Invocations    | 4 5 |  5.0
Maces & Flails | 1 2 |  2.1
Throwing       | 2 |  2.0

Action                   |  1- 3 |  4- 6 |  7- 9 | 10-12 | 13-15 || total
-------------------------+-------+-------+-------+-------+-------++-------
Melee: Unarmed           |    34 |       |       |       |       ||    34
       Club              |    72 |    12 |       |       |       ||    84
       Tailslap          |     7 |     4 |    23 |    61 |    13 ||   108
       Spear             |       |    41 |   196 |   376 |    81 ||   694
       Mace              |       |       |       |    37 |    16 ||    53
Throw: Stone             |       |       |     2 |       |       ||     2
       Dart              |       |       |       |     3 |     1 ||     4
 Cast: Freeze            |    47 |    35 |    18 |    52 |    12 ||   164
       Frozen Ramparts   |     5 |    13 |    25 |    59 |    13 ||   115
       Summon Ice Beast  |       |       |     3 |    41 |     6 ||    50
       Metabolic Englaci |       |       |       |     2 |     4 ||     6
 Abil: Evoke Invisibilit |       |       |       |       |     3 ||     3
  Use: Scroll            |       |       |    19 |     6 |       ||    25
       Potion            |       |       |       |     1 |     4 ||     5
 Stab: Sleeping          |     2 |     1 |     7 |     5 |       ||    15
       Distracted        |       |       |       |     4 |     2 ||     6
  Eat: Chunk             |     5 |     8 |    19 |    29 |     5 ||    66
       Ration            |       |       |       |     2 |     2 ||     4
Armor: Skin              |    48 |    45 |    81 |   160 |    52 ||   386
Dodge: Dodged            |   119 |    66 |   129 |   255 |    69 ||   638
Block: Buckler           |       |       |    25 |   180 |    56 ||   261
       Reflection        |       |       |       |    14 |    10 ||    24

Table legend:
 A = Non-vault XP
 B = Vault XP
 C = Vault XP percentage of total XP
 D = Non-vault monster count
 E = Vault monster count
 F = Vault count percentage of total count
                 A         B        C        D         E       F
            +---------+---------+-------+---------+---------+-------
      Total |   33472 |   12633 |  27.4 |     350 |      65 |  15.7
            +---------+---------+-------+---------+---------+-------
        D:1 |      57 |       0 |   0.0 |      31 |       0 |   0.0
        D:2 |      44 |      33 |  42.9 |      26 |       1 |   3.7
        D:3 |     112 |       0 |   0.0 |      26 |       0 |   0.0
        D:4 |     456 |     255 |  35.9 |      15 |       8 |  34.8
        D:5 |     713 |       0 |   0.0 |      28 |       0 |   0.0
        D:6 |     680 |     119 |  14.9 |      15 |       1 |   6.2
        D:7 |     752 |       0 |   0.0 |      16 |       0 |   0.0
        D:8 |     736 |    1243 |  62.8 |      28 |       5 |  15.2
        D:9 |    3583 |     602 |  14.4 |      27 |      17 |  38.6
       D:10 |    2344 |    1740 |  42.6 |      10 |       5 |  33.3
       D:11 |    4570 |    1093 |  19.3 |      26 |       6 |  18.8
       D:12 |    6499 |     983 |  13.1 |      42 |       5 |  10.6
       D:13 |    5426 |    3308 |  37.9 |      36 |       8 |  18.2
       D:14 |    5558 |    2974 |  34.9 |      19 |       8 |  29.6
    Abyss:3 |    1942 |     283 |  12.7 |       5 |       1 |  16.7
            +---------+---------+-------+---------+---------+-------
